 Dungeon Crawl Stone Soup version 0.31.0-1-g2c135a0 (webtiles) character file.

Game seed: 11544873966881302630

19 jagoly the Trooper (level 2, -6/19 HPs)
             Began as a Gargoyle Monk on Feb 2, 2024.
             Mangled by a gnoll
             ... wielding a +0 flail of protection
              (9 damage)
             ... on level 2 of the Dungeon.
             The game lasted 00:01:48 (323 turns).

jagoly the Trooper (Gargoyle Monk)                   Turns: 323, Time: 00:01:49

Health: -6/19      AC:  4    Str: 14    XL:     2   Next: 75%
Magic:  2/2        EV: 12    Int: 10    God:
Gold:   0          SH:  0    Dex: 12    Spells: 1/1 levels left

rFire   . . .        a - +0 hand axe
rCold   . . .        d - orb {light}
rNeg    + . .        b - +0 robe
rPois   ∞            (no helmet)
rElec   +            (no cloak)
rCorr   .            (no gloves)
SInv    .            (no boots)
Will    .....        (no amulet)
Stlth   +            (no ring)
HPRegen 0.23/turn    (no ring)
MPRegen 0.08/turn

%: no passive effects
@: glowing
A: sickness immunity, AC +2, negative energy resistance 1, electricity
resistance, torment resistance 1, petrification resistance
a: no special abilities


You were on level 2 of the Dungeon.
You visited 1 branch of the dungeon, and saw 3 of its levels.

Inventory:

Hand Weapons
 a - a +0 hand axe (weapon)
Missiles
 i - 5 stones (quivered)
Armour
 b - a +0 robe (worn)
 d - an orb of light (worn)
Scrolls
 f - a scroll of silence {unknown}
 g - a scroll of identify {unknown}
 j - 3 scrolls of teleportation {unknown}
 k - a scroll of enchant armour {unknown}
Potions
 c - a potion of ambrosia
 e - a potion of attraction {unknown}
 h - a potion of curing {unknown}


   Skills:
 + Level 3.5 Fighting
 * Level 3.1 Axes
 + Level 0.9 Armour
 + Level 2.6 Dodging


You had one spell level left.
You didn't know any spells.
Your spell library was empty.

Dungeon Overview and Level Annotations

Branches:
Dungeon (3/15) Zot: 17669

Altars:


Innate Abilities, Weirdness & Mutations

You are immune to sickness and miasma.
Your stone body is resilient. (AC +2)
You are immune to poison.
You resist negative energy. (rN+)
You are resistant to electric shocks. (rElec)
You are resistant to unholy torment.
You are immune to petrification.


Message History

Welcome, jagoly the Gargoyle Monk.
Are you destined to find the fabulous Orb of Zot, or to die trying?
Press ? for a list of commands and other information.
Found a staircase leading out of the dungeon.
Adjust (i)tems, (s)pells, or (a)bilities?
Huh?
Unknown command.
A ball python comes into view.
The ball python hisses angrily.
The ball python bites you but does no damage.
The ball python barely misses you.
The ball python bites you but does no damage.
The ball python barely misses you.
You closely miss the ball python. The ball python closely misses you.
The ball python grabs you. The ball python constricts you.
You slash the ball python!
You kill the ball python!
No target in view!
You see here a ball python corpse.
Found a puce potion.
Found an escape hatch in the floor.
e - a puce potion
Found a scroll labelled KEOTAKHL JAXOH.
Found a stone staircase leading down.
f - a scroll labelled KEOTAKHL JAXOH
Found a scroll labelled LOWIEP DOFFAFO.
g - a scroll labelled LOWIEP DOFFAFO
There is a stone staircase leading down here.
You climb downwards.
The hobgoblin shouts!
There is a stone staircase leading up here.
You hit the hobgoblin.
The hobgoblin is lightly wounded.
The hobgoblin hits you.
You hit the hobgoblin.
You kill the hobgoblin!
No target in view!
A ball python comes into view.
The ball python closely misses you. The ball python grabs you.
The ball python constricts you. The ball python barely misses you.
The ball python constricts you.
You hit the ball python.
You kill the ball python!
A hobgoblin comes into view.
The hobgoblin shouts!
A hobgoblin is nearby!
A frilled lizard comes into view.
The frilled lizard hisses angrily.
The goblin shouts!
The hobgoblin hits you.
You barely miss the hobgoblin. The hobgoblin barely misses you.
You hit the frilled lizard.
You kill the frilled lizard!
You hit the hobgoblin.
The hobgoblin hits you but does no damage.
You slash the hobgoblin!
You kill the hobgoblin!
No reachable target in view!
No reachable target in view!
No reachable target in view!
An adder comes into view.
You see here a hobgoblin corpse.
The adder hisses angrily.
The adder barely misses you.
You slash the adder!
The adder is severely wounded.
The adder closely misses you. The adder bites you but does no damage.
You barely miss the adder.
The adder is severely wounded.
The adder closely misses you.
You barely miss the adder.
The adder is severely wounded.
The adder closely misses you. The adder bites you but does no damage.
You hit the adder.
You kill the adder!
Your Axes skill increases to level 3!
You have reached level 2!
Found a stone staircase leading up.
You open the door.
Found a robe.
There is a stone staircase leading up here.
You climb upwards.
Found a cyan potion.
There is a stone staircase leading down here.
h - a cyan potion
There is a stone staircase leading down here.
You climb downwards.
There is a stone staircase leading up here.
There is an open door here.
Found 2 stones.
You see here 2 stones.
i - 2 stones
There is an open door here.
You open the door.
There is an open door here.
Found 3 scrolls labelled MICVACL TILUOST.
Found a stone staircase leading down.
Found 3 stones.
j - 3 scrolls labelled MICVACL TILUOST
i - 5 stones (gained 3)
You open the door.
A ribbon worm comes into view.
There is an open door here.
The ribbon worm expels a string of sticky webbing.
The stream of webbing hits you but does no damage.
You are caught in a web!
There is a web here.
The web tears apart.
The ribbon worm closely misses you.
You hit the ribbon worm.
The ribbon worm is lightly wounded.
The ribbon worm closely misses you.
You hit the ribbon worm but do no damage.
The ribbon worm is lightly wounded.
The ribbon worm bites you but does no damage.
You hit the ribbon worm.
The ribbon worm is lightly wounded.
You hit the ribbon worm.
The ribbon worm is heavily wounded.
The ribbon worm bites you.
You slash the ribbon worm!
The ribbon worm is severely wounded.
The ribbon worm closely misses you.
You hit the ribbon worm.
The ribbon worm is almost dead.
The ribbon worm barely misses you.
You hit the ribbon worm but do no damage.
The ribbon worm is almost dead.
The ribbon worm barely misses you.
You hit the ribbon worm but do no damage.
The ribbon worm is severely wounded.
The ribbon worm closely misses you.
You hit the ribbon worm.
The ribbon worm is severely wounded.
The ribbon worm expels a string of sticky webbing.
The stream of webbing misses you.
You slash the ribbon worm!
You kill the ribbon worm!
No target in view!
No target in view!
There is an open door here.
There is a stone staircase leading down here.
You climb downwards.
The frilled lizard hisses angrily.
Found a scroll labelled LUPUPH CIHI and a sling.
There is a stone staircase leading up here.
You see here a scroll labelled LUPUPH CIHI.
k - a scroll labelled LUPUPH CIHI A giant cockroach and a kobold come into view.
The kobold shouts!
You slash the frilled lizard!
You kill the frilled lizard!
The giant cockroach barely misses you.
You hit the giant cockroach.
The giant cockroach is moderately wounded.
The giant cockroach misses you.
You hit the giant cockroach.
You kill the giant cockroach!
You hit the kobold but do no damage. The kobold closely misses you.
You hit the kobold.
The kobold is severely wounded.
The kobold closely misses you.
You hit the kobold.
You kill the kobold!
No target in view!
Things that are here:
a +4 short sword; a kobold corpse
Found a dagger.
Found an escape hatch in the floor.
Found a stone staircase leading up.
Found a scroll labelled FACVUU OJAELIES.
A gnoll comes into view.
It is wielding a +0 flail of protection.
Found an escape hatch in the ceiling.
The gnoll shouts!
You hear a shout! x3
A gnoll comes into view. It is wielding a +0 spear.
The gnoll shouts!
You hear a shout!
A hobgoblin comes into view.
There is an escape hatch in the floor here.
An orc comes into view. It is wielding a +0 club.
The orc shouts!
You hear a shout!
The orc moves out of view.
There is a stone staircase leading up here.
The gnoll completely misses you.
You climb upwards.
There is a stone staircase leading down here.
You barely miss the gnoll. The gnoll barely misses you.
You hit the gnoll but do no damage. The gnoll closely misses you.
You hit the gnoll but do no damage.
The gnoll hits you with a +0 flail of protection.
You hit the gnoll but do no damage. The gnoll closely misses you.
You hit the gnoll but do no damage. The gnoll misses you.
You hit the gnoll but do no damage.
The gnoll hits you with a +0 flail of protection.
The gnoll misses you.
You hit the gnoll.
The gnoll is moderately wounded.
The gnoll misses you.
You hit the gnoll but do no damage.
The gnoll is moderately wounded.
The gnoll hits you with a +0 flail of protection.
* * * LOW HITPOINT WARNING * * *
You are too injured to fight recklessly!
Cleave: a) +0 hand axe
Press: ? - help, Dir - move target, f - gnoll
Aim: a gnoll, wielding a +0 flail of protection (moderately wounded, haloed, about 18% to evade your +0 hand axe)
You hit the gnoll but do no damage.
The gnoll is moderately wounded.
The gnoll closely misses you.
Cleave: a) +0 hand axe
Press: ? - help, Dir - move target, f/p - gnoll
Aim: a gnoll, wielding a +0 flail of protection (moderately wounded, haloed, about 18% to evade your +0 hand axe)
You hit the gnoll.
The gnoll is moderately wounded.
The gnoll hits you but does no damage.
Cleave: a) +0 hand axe
Press: ? - help, Dir - move target, f/p - gnoll
Aim: a gnoll, wielding a +0 flail of protection (moderately wounded, haloed, about 18% to evade your +0 hand axe)
You hit the gnoll.
The gnoll is heavily wounded.
The gnoll closely misses you.
Cleave: a) +0 hand axe
Press: ? - help, Dir - move target, f/p - gnoll
Aim: a gnoll, wielding a +0 flail of protection (heavily wounded, haloed, about 18% to evade your +0 hand axe)
You hit the gnoll but do no damage.
The gnoll is heavily wounded.
The gnoll hits you with a +0 flail of protection.
* * * LOW HITPOINT WARNING * * *
You aren't carrying any items that you can evoke.
Cleave: a) +0 hand axe
Press: ? - help, Dir - move target, f/p - gnoll
Aim: a gnoll, wielding a +0 flail of protection (heavily wounded, haloed, about 18% to evade your +0 hand axe)
You hit the gnoll but do no damage.
The gnoll is heavily wounded.
The gnoll hits you with a +0 flail of protection.
* * * LOW HITPOINT WARNING * * *
The gnoll hits you with a +0 flail of protection!
You die...

#...#.#.#.........
###............#.#
...#.#.#.#....#
.........######
..#.#...## #.####
###########
#.g@.......
#.######### #


You could see a gnoll.

Vanquished Creatures
  An adder (D:2)
  A ribbon worm (D:2)
  A giant cockroach (D:3)
  2 hobgoblins (D:2)
  2 ball pythons
  2 frilled lizards
  A kobold (D:3)
10 creatures vanquished.

Notes
Turn   | Place    | Note
-------+----------+-------------------------------------------
     0 | D:1      | jagoly the Gargoyle Monk began the quest for the Orb.
     0 | D:1      | Reached XP level 1. HP: 14/14 MP: 1/1
   182 | D:2      | Reached XP level 2. HP: 19/19 MP: 2/2
   323 | D:2      | Mangled by a gnoll

Illustrated notes

Levels and vault maps discovered:
D:1:      reono_arrival_mine, layout_basic,
          hellmonk_ecumenical_altar_crossroads, serial_shops,
          nicolae_shop_tiny_statue_garden
D:2:      layout_basic, serial_co_window_serial, co_window_corner_a,
          co_window_of_opportunity_a, co_window_corner_a, co_window_corner_a,
          co_window_paths_b, co_window_broadway_b, co_window_paths_c,
          co_window_corner_b, co_window_of_opportunity_c,
          co_window_of_opportunity_c, co_window_paths_d, glass_columns_a,
          glass_columns_c, glass_columns_b, glass_columns_b, glass_columns_a
D:3:      layout_loops_cross

Skill      XL: |  1 |
---------------+----+-----
Axes           | 3 |  3.1
Fighting       | |  3.5
Armour         | |  0.9
Dodging        | |  2.6

Action                     || total
---------------------------++-------
  Melee: Hand axe          ||    41
 Armour: Robe              ||    16
  Dodge: Dodged            ||    30
